 Dungeon Crawl Stone Soup version 0.26.1-2-gb8aa6d0cf2 (webtiles) character file.

Game seed: 2165596636115767496

82 Mattiprrivan the Shooter (level 4, 0/37 HPs)
             Began as a Hill Orc Hunter on Mar 7, 2021.
             Was an Initiate of Qazlal.
             Slain by a gnoll
             ... wielding a +0 flail
              (5 damage)
             ... on level 3 of the Dungeon.
             The game lasted 00:12:09 (2252 turns).

Mattiprrivan the Shooter (Hill Orc Hunter)          Turns: 2252, Time: 00:12:11

Health: 0/37       AC:  5    Str: 14    XL:     4   Next: 43%
Magic:  4/4        EV: 12    Int: 17    God:    Qazlal [......]
Gold:   152        SH:  0    Dex: 12    Spells: 3/3 levels left

rFire    . . .     SeeInvis .   g - -3 long sword (curse)
rCold    . . .     Faith    .   (no shield)
rNeg     . . .     Spirit   .   c - +1 leather armour
rPois    +         Reflect  .   (no helmet)
rElec    .         Harm     .   (no cloak)
rCorr    .         Rampage  .   f - +0 pair of gloves
Will     .....                  (no boots)
Stlth    +.........             (no amulet)
HPRegen  0.12/turn              e - +6 ring of intelligence
MPRegen  0.09/turn              h - ring of poison resistance

@: no status effects
A: no striking features
a: Renounce Religion


You were on level 3 of the Dungeon.
You worshipped Qazlal.
Qazlal was noncommittal.
You visited 1 branch of the dungeon, and saw 3 of its levels.

You collected 152 gold pieces.

Inventory:

Hand Weapons
 a - a +1 shortbow
 b - a +0 short sword
 g - a cursed -3 long sword (weapon)
Missiles
 i - 16 poisoned darts
Armour
 c - a +1 leather armour (worn)
 f - a +0 pair of gloves (worn)
Jewellery
 e - a +6 ring of intelligence (left hand)
 h - a ring of poison resistance (right hand)


   Skills:
 * Level 2.6 Fighting
 * Level 0.8(1.0) Short Blades
 * Level 0.6(1.0) Long Blades
 * Level 4.4 Bows
 * Level 1.2 Armour
 * Level 1.8 Dodging
 * Level 1.0 Stealth
 * Level 1.0 Invocations


You had 3 spell levels left.
You didn't know any spells.
Your spell library was empty.

Dungeon Overview and Level Annotations

Branches:
Dungeon (3/15)

Altars:
Qazlal
Yredelemnul


Message History

Press: ? - help, Dir - move target, f/p - gnoll
Aim: a gnoll, wielding a +0 flail (moderately wounded)
You closely miss the gnoll.
The gnoll is moderately wounded.
The gnoll hits you with a +0 flail.
* * * LOW HITPOINT WARNING * * *
Hit: g) -3 long sword (curse)
Press: ? - help, Dir - move target, f/p - gnoll
Aim: a gnoll, wielding a +0 flail (moderately wounded)
You hit the gnoll but do no damage.
The gnoll is moderately wounded.
The gnoll hits you with a +0 flail.
* * * LOW HITPOINT WARNING * * *
Hit: g) -3 long sword (curse)
Press: ? - help, Dir - move target, f/p - gnoll
Aim: a gnoll, wielding a +0 flail (moderately wounded)
You hit the gnoll but do no damage.
The gnoll is moderately wounded.
The gnoll hits you with a +0 flail.
You die...

###############
o.....og.)gg(>(
#g# #@# #.####
#....# ####.#
#.# #.# #)#
#######.# ...
..#.....#


You could see 2 gnolls and an orc.

Vanquished Creatures
  2 gnolls (D:3)
  3 adders (D:2)
  3 worms (D:2)
  A leopard gecko (D:2)
  5 bats
  2 giant cockroaches
  3 goblins (D:1)
  4 hobgoblins
  2 kobolds
  2 ball pythons (D:2)
  A frilled lizard (D:2)
  2 rats
30 creatures vanquished.

Notes
Turn   | Place    | Note
-------+----------+-------------------------------------------
     0 | D:1      | Mattiprrivan the Hill Orc Hunter began the quest for the
                  | Orb.
     0 | D:1      | Reached XP level 1. HP: 18/18 MP: 1/1
   326 | D:1      | Reached XP level 2. HP: 25/25 MP: 2/2
   985 | D:2      | Found a basalt altar of Yredelemnul.
  1047 | D:2      | Reached skill level 4 in Bows
  1362 | D:2      | Found a stormy altar of Qazlal.
  1369 | D:2      | Became a worshipper of Qazlal Stormbringer
  1447 | D:2      | Reached XP level 3. HP: 29/30 MP: 3/3
  1903 | D:2      | Reached skill level 1 in Stealth
  2104 | D:2      | Reached XP level 4. HP: 35/37 MP: 4/4
  2141 | D:2      | Reached skill level 1 in Armour
  2240 | D:3      | Reached skill level 1 in Invocations
  2252 | D:3      | Slain by a gnoll

Illustrated notes

Levels and vault maps discovered:
D:1:      dpeg_arrival_arbitrary_a, layout_basic
D:2:      wad_crossroads, layout_basic, nicolae_overflow_crystal_walls,
          lemuel_coloured_pillars_altar
D:3:      layout_basic

Skill      XL: |  1  2  3  4 |
---------------+-------------+-----
Bows           | 4 |  4.4
Stealth        | 1 |  1.0
Armour         | 1 |  1.2
Invocations    | 1 |  1.0
Fighting       | |  2.6
Short Blades   | |  0.8
Long Blades    | |  0.6
Dodging        | |  1.8

Action                   |  1- 3 |  4- 6 || total
-------------------------+-------+-------++-------
Melee: Long sword        |       |    10 ||    10
 Fire: Shortbow          |    79 |    16 ||    95
  Use: Scroll            |     7 |       ||     7
       Potion            |     2 |       ||     2
Armor: Leather armour    |    11 |     1 ||    12
Dodge: Dodged            |    24 |     7 ||    31
